 Dungeon Crawl Stone Soup version 0.26.1-11-gd32895ea62 (webtiles) character file.

Game seed: 7775593904061746189

20 ubername the Magician (level 2, 0/19 HPs)
             Began as a Barachi Hedge Wizard on June 15, 2021.
             Succumbed to an adder's poison
             ... on level 2 of the Dungeon.
             The game lasted 00:02:01 (1229 turns).

ubername the Magician (Barachi Hedge Wizard)        Turns: 1229, Time: 00:02:02

Health: 0/19       AC:  2    Str: 11    XL:     2   Next: 79%
Magic:  1/7        EV: 12    Int: 14    God:
Gold:   23         SH:  0    Dex: 11    Spells: 8/9 levels left

rFire    . . .     SeeInvis .   a - +0 dagger
rCold    . . .     Faith    .   (no shield)
rNeg     . . .     Spirit   .   b - +0 robe
rPois    .         Reflect  .   c - +0 hat
rElec    .         Harm     .   (no cloak)
rCorr    .         Rampage  .   (no gloves)
Will     .....                  (no boots)
Stlth    ++........             (no amulet)
HPRegen  0.06/turn              (no ring)
MPRegen  0.10/turn              (no ring)

@: lethally poisoned (0 -> -5), berserk cooldown, very slightly contaminated,
slowed, invisible, very slow
A: +LOS, swims, slowness 1, strong legs 1
a: Hop


You were on level 2 of the Dungeon.
You visited 1 branch of the dungeon, and saw 2 of its levels.

You collected 23 gold pieces.

Inventory:

Hand Weapons
 a - a +0 dagger (weapon)
 d - a +0 hunting sling
Missiles
 g - an atropa-tipped dart (quivered)
 k - 17 poisoned darts
Armour
 b - a +0 robe (worn)
 c - a +0 hat (worn)
Scrolls
 f - a scroll of magic mapping {unknown}
 i - a scroll of teleportation {unknown}


   Skills:
 + Level 0.1 Short Blades
 + Level 2.3 Dodging
 + Level 1.8 Stealth
 + Level 4.0 Spellcasting
 + Level 1.3 Conjurations
 + Level 1.2 Summonings
 + Level 1.1 Translocations


You had 8 spell levels left.
You knew the following spells:

 Your Spells              Type           Power        Failure   Level
a - Magic Dart            Conj           24%          11%         1

Your spell library contained the following spells:

 Spells                   Type           Power        Failure   Level
 Blink                    Tloc           N/A          19%         2
 Call Imp                 Summ           6%           19%         2
 Slow                     Hex            2%           28%         2
 Conjure Flame            Conj/Fire      4%           41%         3
 Mephitic Cloud           Conj/Pois/Air  4%           43%         3


Dungeon Overview and Level Annotations

Branches:
Dungeon (2/15)

Altars:


Innate Abilities, Weirdness & Mutations

You can be seen from farther away. (+LOS)
You can swim through water.
You cover ground slowly.
You can hop short distances.


Message History

You feel a strong urge to attack something.
* * * LOW HITPOINT WARNING * * *
You feel sick.
You see here an adder corpse.
You feel your anger nearly subside.
You are no longer berserk.
You are exhausted.
You feel yourself slow down.
* * * LOW HITPOINT WARNING * * *
You feel sick.
Your magical contamination has completely faded away.
It was a potion of invisibility.
You fade into invisibility!
* * * LOW HITPOINT WARNING * * *
You feel sick.
You are very lightly contaminated with residual magic.
Blink to where?
Press: ? - help, Dir - move target
As you read the scroll labelled JOATYR JUYMU, it crumbles to dust.
It was a scroll of blinking.
You die...

... #.. ### # .. .. #
#. #.## .# .# #.
..###.##.##. #####.#
###.#......... #......
.............
#..(...####..........#
#......@§.†..........#
#......#####..†###.#.
#...... ##..# #......
#..# #...... #..# .#
........ ##.###.#.#
........ #.....#.#
........ #..##.#.#
$....... ##.##.#.#


There were no monsters in sight!

Vanquished Creatures
  An adder (D:2)
  A giant cockroach (D:1)
  3 goblins (D:1)
  A hobgoblin (D:1)
  2 frilled lizards
  2 kobolds (D:1)
  2 rats
12 creatures vanquished.

Notes
Turn   | Place    | Note
-------+----------+-------------------------------------------
     0 | D:1      | ubername the Barachi Hedge Wizard began the quest for the
                  | Orb.
     0 | D:1      | Reached XP level 1. HP: 13/13 MP: 4/4
   700 | D:1      | Reached XP level 2. HP: 19/19 MP: 1/6
  1223 | D:2      | Reached skill level 4 in Spellcasting
  1229 | D:2      | Succumbed to an adder's poison

Illustrated notes

Levels and vault maps discovered:
D:1:      minmay_arrival_split_and_join, layout_basic
D:2:      layout_basic, gammafunk_temple_overflow_pools, supply_closet_lemuel

Skill      XL: |  1  2 |
---------------+-------+-----
Spellcasting   | 4 |  4.0
Short Blades   | |  0.1
Dodging        | |  2.3
Stealth        | |  1.8
Conjurations   | |  1.3
Summonings     | |  1.2
Translocations | |  1.1

Action                   || total
-------------------------++-------
Melee: Dagger            ||    17
Throw: Dart              ||     3
 Cast: Magic Dart        ||    30
  Use: Potion            ||     2
       Scroll            ||     1
Armor: Robe              ||     3
Dodge: Dodged            ||    16
